Map: Ulrena

Players

HODOR - Winner!

  • Race: Zerg Zerg
  • League: Silver

karpidis

  • Race: Protoss Protoss
  • League: Gold

VOD

Have the link to the VOD?

Description

Time

  • Played on: June 6, 2016, 12:09 p.m.
  • Length: 14:25
Show
View Real Time Build Order
Export as new Build Order

HODOR Zerg - Winner!

Build Orders: Pool First 

Get SALT Encoding   

  12  0:03  Drone  
  13  0:18  Overlord  
  15  0:50  Drone x2  
  15  0:58  Spawning Pool  
  14  1:11  Drone  
  14  1:17  Extractor  
  14  1:25  Drone  
  15  1:36  Drone  
  16  1:45  Zergling x4  
  18  1:57  Zergling x2  
  19  2:01  Zergling x2  
  19  2:03  Queen  
  22  2:17  Overlord  
  22  2:29  Overlord  
  22  2:38  Hatchery  
  21  2:51  Roach Warren  
  20  2:52  Drone  
  20  2:53  Drone  
  20  2:54  Evolution Chamber  
  21  3:03  Zergling x2  
  22  3:12  Drone  
  23  3:21  Zergling x2  
  23  3:22  Zergling x6  
  27  3:38  Zergling x2  
  28  3:42  Zergling x2  
  29  3:52  Zergling x2  
  29  3:54  Queen  
  32  4:01  Zergling x6  
  35  4:10  Zergling x2  
  35  4:11  Zergling x2  
  37  4:20  Overlord  
  37  4:30  Queen  
  39  4:32  Overlord  
  39  4:36  Drone x3  
  39  4:38  Overlord  
  41  4:46  Zergling x4  
  41  4:49  Zergling x2  
  40  4:56  Zergling x4  
  38  5:03  Drone  
  35  5:08  Drone x2  
  35  5:11  Zergling x2  
  35  5:12  Zergling x2  
  36  5:19  Zergling x2  
  36  5:27  Drone x2  
  36  5:28  Drone x2  
  40  5:37  Drone  
  40  5:38  Baneling Nest  
  40  5:44  Roach  
  42  6:01  Drone  
  42  6:02  Drone x2  
  45  6:05  Drone x2  
  45  6:06  Drone x2  
  49  6:13  Pneumatized Carapace  
  49  6:22  Drone  
  50  6:32  Extractor, Drone  
  50  6:34  Roach x2  
  50  6:35  Roach  
  56  6:44  Baneling x3  
  56  6:45  Baneling  
  55  6:48  Baneling  
  55  6:49  Baneling x4  
  55  6:50  Roach x4  
  63  7:04  Hatchery  
  62  7:14  Roach x2  
  62  7:15  Overlord x2  
  66  7:17  Drone  
  67  7:28  Extractor, Overlord  
  67  7:29  Overlord  
  66  7:34  Roach  
  66  7:35  Roach x2  
  76  7:37  Roach x2  
  72  8:00  Roach x2  
  72  8:02  Ravager  
  77  8:14  Drone x2  
  77  8:17  Queen  
  81  8:26  Zergling x6  
  84  8:27  Zergling x2  
  84  8:29  Zergling x2  
  84  8:32  Drone x4  
  84  8:33  Drone  
  91  8:34  Drone x2  
  91  8:36  Drone  
  94  8:42  Zerg Missile Weapons Level 1  
  94  9:09  Baneling x3  
  94  9:10  Baneling x4  
  94  9:11  Baneling x2  
  94  9:13  Roach x3  
  94  9:16  Extractor  
  99  9:17  Drone x3  
  102  9:35  Zergling x2  
  102  9:36  Zergling x4  
  105  9:39  Extractor  
  105  9:41  Extractor  
  105  9:42  Lair  
  105  9:44  Roach  
  105  9:47  Overlord x2  
  105  9:59  Overlord x4  
  101  10:09  Roach x2  
  101  10:13  Overlord x2  
  105  10:19  Drone x3  
  108  10:24  Roach x3  
  113  10:37  Roach x4  
  113  10:39  Ravager x5  
  113  10:40  Ravager  
  127  10:46  Roach x2  
  131  10:51  Drone x2  
  131  10:52  Drone x2  
  131  10:54  Drone  
  136  11:02  Roach x4  
  144  11:10  Drone x3  
  148  11:11  Drone, Hydralisk Den  
  147  11:20  Overseer x2  
  147  11:26  Ravager x2  
  147  11:27  Roach, Ravager  
  147  11:30  Drone x2  
  153  11:45  Hatchery  
  153  11:46  Overlord x4  
  149  11:56  Ravager  
  149  11:57  Ravager x4  
  149  12:12  Roach x2  
  149  12:15  Drone x3  
  156  12:25  Hatchery  
  155  12:32  Roach  
  157  12:52  Ravager x8  
  157  12:57  Roach x2  
  169  13:02  Overlord x2  
  169  13:10  Roach  
  169  13:11  Roach x2  
  175  13:26  Roach x3  
  163  13:29  Roach x3  
  163  13:30  Roach  
  152  13:37  Roach x5  
  150  13:46  Roach x3  
  150  13:47  Roach  
  158  13:51  Drone  
  158  13:52  Drone x5  
  158  13:53  Drone  
Show
View Real Time Build Order
Export as new Build Order

karpidis Protoss 

Build Orders: Double Forge 

Get SALT Encoding   

  12  0:02  Probe (Chrono Boost)  
  13  0:12  Probe (Chrono Boost)  
  14  0:30  Pylon  
  14  0:42  Pylon  
  14  0:50  Pylon  
  14  1:20  Forge  
  14  1:23  Gateway  
  14  1:56  Photon Cannon  
  14  2:03  Photon Cannon  
  14  2:07  Nexus  
  14  2:12  Pylon  
  14  2:20  Photon Cannon  
  15  2:54  Pylon  
  13  3:13  Pylon  
  13  3:17  Pylon  
  13  3:19  Pylon  
  13  3:33  Pylon  
  13  3:45  Photon Cannon  
  12  3:56  Pylon  
  12  3:59  Photon Cannon  
  12  4:02  Probe (Chrono Boost)  
  13  4:12  Probe x2 (Chrono Boost)  
  15  4:23  Probe (Chrono Boost)  
  16  4:25  Forge  
  16  4:33  Probe x2 (Chrono Boost)  
  18  4:44  Probe x2 (Chrono Boost)  
  20  5:06  Pylon  
  20  5:16  Pylon  
  20  5:19  Photon Cannon  
  19  5:25  Probe x2 (Chrono Boost)  
  19  5:26  Photon Cannon  
  21  5:34  Assimilator  
  21  5:36  Probe x2 (Chrono Boost)  
  21  5:41  Gateway  
  23  5:46  Probe x2 (Chrono Boost)  
  25  5:51  Photon Cannon  
  25  5:57  Photon Cannon, Probe x2 (Chrono Boost)  
  26  6:02  Photon Cannon  
  27  6:06  Pylon  
  27  6:07  Probe (Chrono Boost)  
  27  6:11  Photon Cannon  
  29  6:18  Probe (Chrono Boost)  
  29  6:21  Assimilator  
  29  6:25  Assimilator  
  29  6:33  Cybernetics Core  
  29  6:34  Assimilator  
  29  6:47  Nexus  
  29  6:51  Pylon  
  29  7:04  Probe (Chrono Boost)  
  30  7:15  Warp Gate (Chrono Boost)  
  30  7:18  Nexus  
  30  7:27  Assimilator  
  30  7:30  Assimilator x2  
  30  7:32  Assimilator, Probe x2 (Chrono Boost)  
  32  7:43  Mothership Core (Chrono Boost)  
  30  8:01  Photon Cannon  
  30  8:04  Photon Cannon  
  30  8:08  Pylon  
  30  8:18  Probe (Chrono Boost)  
  30  8:19  Probe x2 (Chrono Boost)  
  33  8:27  Probe (Chrono Boost)  
  34  8:36  Probe x2  
  34  8:37  Probe  
  34  8:38  Probe  
  38  8:46  Probe  
  39  8:49  Probe  
  39  8:52  Probe x2  
  42  8:57  Probe  
  43  9:12  Pylon  
  43  9:13  Pylon  
  43  9:15  Pylon  
  43  9:16  Pylon  
  43  9:17  Pylon  
  43  9:34  Probe x3  
  43  9:35  Probe  
  47  9:44  Stalker, Probe  
  47  9:45  Probe x2  
  49  9:47  Probe  
  53  9:54  Photon Cannon  
  53  9:55  Probe  
  54  10:03  Pylon  
  54  10:07  Pylon  
  54  10:08  Gateway  
  54  10:10  Gateway  
  54  10:25  Adept  
  39  10:46  Photon Cannon  
  39  10:48  Photon Cannon x2  
  39  10:51  Photon Cannon  
  39  10:52  Photon Cannon  
  39  10:57  Pylon  
  39  10:59  Pylon  
  39  11:12  Gateway  
  39  11:14  Gateway, Probe  
  40  11:25  Probe  
  40  11:28  Pylon  
  37  11:58  Pylon  
  28  12:22  Gateway  
  28  12:23  Gateway  
  28  12:25  Gateway  
  28  12:26  Gateway  
  28  12:28  Gateway  
  28  12:34  Gateway  
  28  12:35  Gateway  
  28  12:53  Cybernetics Core  
  28  13:04  Zealot x2  
  28  13:40  Zealot x2  
  28  13:41  Zealot x2  
  29  14:19  Pylon  
Tags
 
Add a new tag
Caveats
  • Supply blocks, unpowered buildings, or Contaminate may cause inaccurate times.
  • Supply counts are checked every 10 seconds.